Map: Tours du crépuscule

Players

ItsJunker

  • Race: Protoss Protoss
  • League: Silver
  • Spawn Location: 1:00

zidar - Winner!

  • Race: Zerg Zerg
  • League: Silver
  • Spawn Location: 7:00

VOD

Have the link to the VOD?

Description

Time

  • Played on: Jan. 24, 2016, 9:15 a.m.
  • Length: 2:59
Show
View Real Time Build Order
Export as new Build Order

ItsJunker Protoss 

Build Orders:  

Get SALT Encoding   

  12  0:02  Probe (Chrono Boost)  
  13  0:13  Probe (Chrono Boost)  
  14  0:19  Pylon  
  14  0:23  Probe (Chrono Boost)  
  15  0:37  Probe (Chrono Boost)  
  16  0:44  Forge  
  16  0:48  Probe (Chrono Boost)  
  17  0:53  Pylon  
  16  1:33  Probe (Chrono Boost)  
  17  1:54  Photon Cannon  
  17  2:02  Pylon  
  17  2:06  Pylon  
  17  2:12  Pylon  
  17  2:17  Photon Cannon  
  17  2:27  Photon Cannon  
  17  2:29  Photon Cannon  
  17  2:31  Photon Cannon  
  17  2:33  Photon Cannon  
  17  2:42  Photon Cannon  
Show
View Real Time Build Order
Export as new Build Order

zidar Zerg - Winner!

Build Orders: Pool First 

Get SALT Encoding   

  12  0:02  Drone  
  13  0:12  Overlord  
  13  0:17  Drone  
  14  0:30  Drone x2  
  16  0:36  Drone  
  17  0:47  Spawning Pool  
  16  0:50  Drone  
  17  1:34  Zergling x6  
  17  1:37  Queen  
  22  1:45  Overlord  
  22  2:07  Hatchery  
  21  2:11  Extractor  
  20  2:19  Drone x3  
  23  2:28  Roach Warren  
Tags
 
Add a new tag
Caveats
  • Supply blocks, unpowered buildings, or Contaminate may cause inaccurate times.
  • Supply counts are checked every 10 seconds.